Map: Simulacrum LE

Players

TYTY (TY)

  • Race: Terran Terran
  • League: Grandmaster
  • Spawn Location: 11:00

llllllllllll (Trap) - Winner!

  • Race: Protoss Protoss
  • League: Master
  • Spawn Location: 5:00

Event: Shopify TSL 5

VOD

Have the link to the VOD?

Description

Time

  • Played on: May 17, 2020, 9:04 a.m.
  • Length: 14:58

All games in this series

Show
View Real Time Build Order
Export as new Build Order

TYTY Terran 

Build Orders:  

Get SALT Encoding   

  12  0:00  SCV  
  13  0:13  SCV  
  14  0:17  Supply Depot  
  14  0:25  SCV  
  15  0:38  SCV  
  15  0:40  Barracks  
  16  0:44  Refinery  
  16  0:50  SCV  
  17  1:02  SCV  
  18  1:14  SCV  
  19  1:27  Orbital Command  
  19  1:28  Barracks Reactor  
  19  1:42  Command Center  
  19  1:55  SCV  
  19  1:57  Supply Depot  
  20  2:05  Marine x2  
  22  2:10  Factory  
  22  2:14  SCV  
  23  2:23  Marine x2  
  23  2:26  SCV  
  26  2:37  Refinery  
  26  2:38  SCV  
  27  2:50  SCV  
  28  2:55  Starport  
  28  2:59  Hellion x2  
  28  3:02  Orbital Command  
  32  3:06  SCV  
  33  3:18  SCV  
  33  3:20  Barracks Tech Lab  
  33  3:21  Widow Mine x2  
  37  3:28  SCV  
  37  3:30  SCV  
  37  3:31  Medivac  
  41  3:35  Supply Depot  
  41  3:40  SCV  
  42  3:42  Widow Mine  
  42  3:44  SCV  
  42  3:45  Widow Mine  
  44  3:50  Marine  
  44  3:52  SCV  
  42  3:56  SCV  
  42  3:59  Bunker  
  42  4:04  SCV  
  42  4:06  Widow Mine  
  42  4:07  Widow Mine, Medivac  
  42  4:08  SCV  
  50  4:11  Marine  
  50  4:16  SCV, Supply Depot  
  52  4:20  SCV  
  53  4:28  SCV  
  54  4:32  Widow Mine  
  54  4:38  SCV, Marine, Widow Mine  
  59  4:45  SCV  
  59  4:49  Medivac  
  59  4:50  SCV  
  60  4:53  Command Center  
  60  4:59  Widow Mine  
  61  5:00  Stimpack  
  61  5:01  Widow Mine  
  61  5:02  Supply Depot  
  61  5:05  Marine  
  61  5:10  SCV  
  62  5:20  Barracks  
  62  5:22  Barracks  
  62  5:23  SCV x2  
  64  5:29  Marine  
  63  5:35  SCV x2  
  63  5:42  Starport Reactor  
  59  5:43  Barracks  
  59  5:45  Refinery  
  59  5:46  Barracks, Factory Tech Lab  
  59  5:47  SCV x2, Marine  
  62  5:57  Refinery  
  62  5:59  SCV x2  
  64  6:04  Siege Tank, Marine  
  64  6:05  Engineering Bay x2  
  64  6:09  Barracks Tech Lab  
  64  6:10  Orbital Command  
  68  6:12  SCV x2  
  70  6:24  SCV, Marine x3  
  74  6:27  Starport Reactor  
  74  6:30  Marine x2  
  74  6:31  Marauder  
  78  6:32  Orbital Command  
  78  6:36  Siege Tank, Supply Depot  
  78  6:37  Supply Depot  
  78  6:38  Missile Turret  
  83  6:41  Missile Turret  
  83  6:42  Terran Infantry Armor Level 1, Terran Infantry Weapons Level 1, Marauder  
  83  6:43  SCV x2  
  85  6:48  Barracks Tech Lab  
  85  6:58  SCV x2, Marine x4, Supply Depot  
  85  7:00  SCV  
  92  7:04  Marine x2  
  92  7:07  Supply Depot  
  94  7:10  SCV  
  94  7:11  Siege Tank  
  94  7:15  Marine, Marauder  
  94  7:21  Combat Shield  
  94  7:22  Concussive Shells  
  95  7:25  Supply Depot  
  95  7:29  Marauder x2  
  97  7:30  Marine x3  
  97  7:34  Marine  
  97  7:35  SCV x3, Marine  
  103  7:40  Missile Turret  
  103  7:47  SCV, Marine  
  103  7:48  Armory  
  103  7:50  Siege Tank  
  103  7:51  Medivac x2  
  110  7:52  Marine x2  
  110  7:55  SCV x2  
  116  7:58  Marine x2  
  116  8:00  Missile Turret  
  116  8:03  Marine  
  116  8:04  Supply Depot x2  
  119  8:10  SCV x3  
  119  8:11  Marine  
  123  8:16  Marine x2  
  123  8:17  Refinery  
  123  8:18  Refinery  
  125  8:22  Ghost Academy  
  125  8:25  SCV, Siege Tank, Marine x4  
  133  8:28  Supply Depot  
  133  8:29  Marine  
  133  8:34  Marine x2  
  133  8:40  Terran Infantry Armor Level 2, Terran Infantry Weapons Level 2  
  135  8:50  Marine  
  135  8:51  Marine, Command Center  
  135  8:52  Supply Depot x2  
  140  9:07  Marine x2  
  146  9:11  Supply Depot  
  146  9:12  Siege Tank  
  146  9:13  SCV, Supply Depot  
  146  9:14  SCV  
  149  9:22  Unknown  
  149  9:24  Marine x3  
  149  9:26  Unknown  
  149  9:31  Marine x3  
  149  9:32  Unknown  
  153  9:39  Missile Turret  
  153  9:44  Missile Turret  
  155  9:48  Marine x2  
  155  9:49  Marine  
  131  9:59  Marine, Marauder  
  115  10:02  SCV x3  
  115  10:04  Unknown  
  115  10:05  Marauder  
  115  10:06  Marine x3  
  97  10:11  Unknown, Marine  
  97  10:12  Medivac x2  
  89  10:14  SCV x3  
  89  10:17  Marine  
  89  10:20  Siege Tank, Marine  
  96  10:24  Marine x3  
  96  10:26  SCV x2, Marauder  
  103  10:31  SCV  
  106  10:38  SCV x2  
  108  10:43  SCV  
  108  10:45  Sensor Tower  
  113  10:50  SCV  
  113  10:51  SCV  
  113  10:55  SCV  
  116  11:00  Marine  
  116  11:01  Unknown, Marine x3  
  116  11:02  Siege Tank  
  116  11:03  SCV  
  123  11:04  SCV, Planetary Fortress  
  123  11:07  SCV  
  125  11:13  Factory  
  125  11:15  Medivac x2  
  125  11:16  Unknown  
  125  11:17  Unknown  
  129  11:19  Marine x2  
  129  11:20  Marauder x2  
  129  11:21  SCV x3  
  135  11:28  Terran Infantry Weapons Level 3  
  135  11:32  Marine x3  
  138  11:33  SCV x2  
  138  11:39  Siege Tank  
  143  11:43  SCV  
  143  11:45  SCV  
  143  11:46  SCV x2  
  147  11:47  Marine, Refinery  
  147  11:48  Marine, Marauder x2  
  133  12:03  Medivac x2  
  121  12:08  Marine  
  121  12:09  Marauder x2  
  121  12:10  Marine x3  
  121  12:15  SCV x2, Factory Tech Lab  
  111  12:19  Marauder  
  111  12:20  SCV x2  
  112  12:26  Marine  
  112  12:29  Marine x2  
  107  12:30  Marauder  
  107  12:31  Marauder  
  107  12:36  Siege Tank  
  113  12:40  Marauder  
  113  12:41  SCV  
  104  12:47  Marine x2  
  104  12:51  Marauder  
  104  12:52  Marauder  
  104  12:54  Marine x2  
  110  13:04  SCV x2  
  110  13:05  Marine  
  105  13:09  Marine  
  105  13:13  Factory Tech Lab  
  104  13:21  Marine x2  
  104  13:24  Factory Reactor  
  104  13:25  Marine x2  
  104  13:26  Drilling Claws, Widow Mine  
  110  13:28  SCV x3  
  110  13:29  SCV  
  110  13:31  Marine  
  115  13:38  Missile Turret  
  115  13:39  Marine  
  115  13:42  Unknown, Marine x2  
  115  13:43  Unknown  
  121  13:52  Widow Mine  
  121  13:53  Marine x2, Marauder x2  
  129  14:02  Widow Mine  
  129  14:03  Widow Mine  
  129  14:07  Marine x2, Marauder  
  133  14:11  Marine  
  133  14:12  Marine  
  133  14:14  Marauder x2  
  136  14:25  Marine  
  102  14:31  Marine x3, Marauder  
  102  14:34  Widow Mine  
  102  14:37  SCV x2  
Show
View Real Time Build Order
Export as new Build Order

llllllllllll Protoss - Winner!

Build Orders: 1 Gate Expand, Oracle Opening 

Get SALT Encoding   

  12  0:00  Probe  
  13  0:12  Probe  
  14  0:17  Pylon  
  14  0:24  Probe (Chrono Boost)  
  15  0:36  Probe (Chrono Boost), Gateway  
  16  0:44  Probe (Chrono Boost)  
  16  0:46  Assimilator  
  17  0:51  Probe  
  18  1:03  Probe  
  19  1:15  Probe  
  20  1:22  Cybernetics Core  
  20  1:32  Nexus  
  20  1:39  Pylon  
  20  1:43  Probe  
  21  1:49  Assimilator  
  21  1:55  Probe  
  21  1:56  Adept (Chrono Boost)  
  24  2:07  Probe  
  25  2:18  Stargate  
  25  2:19  Probe  
  26  2:29  Stalker  
  28  2:32  Probe (Chrono Boost)  
  23  2:37  Warp Gate  
  29  2:42  Probe (Chrono Boost)  
  30  2:46  Probe (Chrono Boost)  
  32  2:52  Probe (Chrono Boost)  
  32  2:54  Probe (Chrono Boost)  
  33  2:58  Probe (Chrono Boost)  
  33  2:59  Probe (Chrono Boost)  
  33  3:04  Oracle (Chrono Boost)  
  37  3:10  Probe  
  37  3:11  Probe  
  39  3:13  Stalker  
  39  3:16  Gateway  
  41  3:22  Probe  
  41  3:23  Probe  
  43  3:29  Pylon  
  43  3:34  Probe  
  43  3:35  Probe  
  45  3:44  Oracle (Chrono Boost)  
  45  3:48  Probe x2  
  47  4:00  Probe x2  
  49  4:02  Nexus  
  49  4:06  Pylon  
  49  4:10  Pylon  
  49  4:12  Probe x2  
  54  4:20  Assimilator  
  54  4:21  Assimilator  
  51  4:24  Probe x2  
  53  4:36  Stalker x2  
  57  4:43  Probe x2  
  54  4:53  Forge  
  54  4:55  Probe x2, Twilight Council  
  56  5:00  Stalker  
  58  5:07  Probe x2  
  58  5:10  Gateway  
  58  5:14  Phoenix  
  62  5:15  Gateway  
  62  5:23  Protoss Ground Weapons Level 1  
  62  5:27  Probe x2 (Chrono Boost)  
  62  5:28  Probe (Chrono Boost)  
  65  5:29  Blink (Chrono Boost)  
  64  5:39  Probe (Chrono Boost)  
  64  5:40  Probe x2 (Chrono Boost)  
  67  5:46  Probe x2 (Chrono Boost)  
  67  5:47  Probe (Chrono Boost)  
  67  5:49  Sentry x2  
  74  5:52  Pylon  
  74  5:54  Pylon  
  74  5:55  Probe x3  
  77  6:07  Gateway  
  77  6:08  Gateway  
  77  6:09  Probe (Chrono Boost)  
  80  6:14  Probe x2 (Chrono Boost)  
  80  6:18  Sentry  
  82  6:21  Probe (Chrono Boost)  
  82  6:24  Probe x2 (Chrono Boost), Templar Archives  
  85  6:25  Probe (Chrono Boost)  
  85  6:26  Assimilator  
  85  6:27  Assimilator  
  86  6:34  Probe x2  
  86  6:36  Probe  
  86  6:37  Stalker x3  
  95  6:40  Pylon x2  
  95  6:47  Gateway  
  95  6:54  Gateway  
  95  6:55  Gateway  
  95  6:59  Stalker  
  97  7:02  Psionic Storm, Stalker x3  
  93  7:22  Charge  
  89  7:28  Robotics Facility  
  89  7:30  Pylon  
  89  7:35  High Templar, Zealot  
  89  7:36  Zealot x2  
  95  7:37  Nexus, Protoss Ground Weapons Level 2 (Chrono Boost)  
  95  7:38  High Templar, Zealot  
  95  7:41  Probe x3, Pylon  
  102  7:50  Photon Cannon  
  102  7:52  Pylon  
  102  7:58  High Templar  
  102  7:59  Zealot x3  
  110  8:06  Zealot x3  
  110  8:11  Pylon  
  110  8:12  Warp Prism (Chrono Boost)  
  115  8:17  Probe x3  
  120  8:22  High Templar  
  120  8:24  Pylon  
  120  8:26  Photon Cannon  
  122  8:42  High Templar x4  
  122  8:43  Zealot x4  
  122  8:48  Archon x2  
  136  8:49  Observer  
  136  8:50  Probe x4  
  141  9:00  Pylon  
  141  9:03  Pylon  
  141  9:04  High Templar  
  141  9:05  Pylon, High Templar, Zealot x3  
  141  9:09  Archon  
  151  9:11  Pylon  
  151  9:12  Observer  
  152  9:19  Zealot x3  
  152  9:20  Zealot  
  152  9:22  Pylon  
  160  9:25  Pylon  
  160  9:28  Robotics Bay  
  160  9:33  Zealot x3  
  160  9:37  Zealot x2  
  170  9:43  Robotics Facility  
  170  9:44  Protoss Ground Armor Level 1 (Chrono Boost)  
  144  9:54  Zealot x3  
  144  9:55  Zealot x4  
  144  9:59  Zealot x2  
  130  10:00  Immortal (Chrono Boost)  
  98  10:15  High Templar x2  
  98  10:16  High Templar, Zealot x4  
  98  10:21  Zealot x2  
  116  10:22  Nexus  
  114  10:29  Immortal (Chrono Boost), Gravitic Drive (Chrono Boost)  
  122  10:36  Immortal (Chrono Boost), Zealot x3  
  122  10:37  Zealot  
  130  10:45  Pylon  
  130  10:47  High Templar x2  
  130  10:48  Zealot x3  
  140  10:56  Warp Prism (Chrono Boost)  
  146  11:08  Immortal (Chrono Boost)  
  146  11:09  High Templar x2, Photon Cannon  
  146  11:10  Zealot x4  
  146  11:11  Zealot  
  160  11:14  Archon  
  160  11:22  Observer (Chrono Boost)  
  161  11:28  Stalker x2  
  165  11:32  Protoss Ground Armor Level 2 (Chrono Boost)  
  165  11:35  Stalker x3  
  165  11:36  Zealot x2  
  173  11:46  Forge  
  165  11:58  Zealot x8  
  165  11:59  Zealot  
  161  12:01  Archon  
  161  12:02  Archon  
  139  12:11  Colossus (Chrono Boost)  
  139  12:12  Colossus (Chrono Boost)  
  133  12:22  Zealot x4  
  133  12:23  Zealot x4  
  133  12:24  Zealot  
  125  12:36  Extended Thermal Lance  
  111  12:44  Sentry  
  111  12:45  Sentry x2, Zealot x5  
  125  12:55  Zealot  
  125  13:03  Immortal (Chrono Boost)  
  125  13:04  Immortal (Chrono Boost)  
  127  13:05  Zealot x3  
  127  13:06  Zealot  
  127  13:07  Zealot  
  109  13:12  High Templar  
  109  13:13  High Templar, Zealot x2  
  109  13:14  Zealot x4  
  109  13:15  Assimilator  
  109  13:16  Assimilator  
  121  13:26  Zealot  
  123  13:27  Nexus  
  123  13:31  Immortal (Chrono Boost)  
  127  13:34  Zealot x5  
  127  13:38  Zealot  
  139  13:44  Immortal (Chrono Boost)  
  143  13:59  High Templar x3  
  143  14:00  High Templar, Zealot x5  
  161  14:03  Archon  
  161  14:04  Archon  
  159  14:28  Stalker x3  
  145  14:32  Zealot  
  145  14:33  Zealot x8  
  137  14:53  Zealot x9  
Tags
 
Add a new tag
Caveats
  • Supply blocks, unpowered buildings, or Contaminate may cause inaccurate times.
  • Supply counts are checked every 10 seconds.